Map: Para Site LE

Players

AhsokaTano

  • Race: Zerg Zerg
  • Spawn Location: 11:00

KeyMouseHYPE - Winner!

  • Race: Terran Terran
  • Spawn Location: 5:00

VOD

Have the link to the VOD?

Description

Time

  • Played on: Nov. 16, 2018, 11:59 p.m.
  • Length: 20:27
Show
View Real Time Build Order
Export as new Build Order

AhsokaTano Zerg 

Build Orders: Hatch First, Lurkers 

Get SALT Encoding   

  12  0:01  Drone  
  13  0:13  Drone  
  14  0:18  Overlord  
  14  0:37  Drone x2  
  14  0:38  Drone  
  17  0:56  Hatchery  
  16  1:01  Drone  
  17  1:11  Extractor, Drone  
  17  1:22  Spawning Pool  
  16  1:27  Drone  
  16  1:29  Drone  
  18  1:33  Drone  
  19  1:55  Overlord  
  19  2:08  Queen  
  19  2:09  Queen  
  19  2:10  Zergling x4  
  19  2:12  Drone  
  26  2:31  Drone x3  
  29  2:44  Drone x3  
  32  3:00  Evolution Chamber, Metabolic Boost  
  32  3:01  Zergling x4  
  32  3:02  Zergling x2  
  34  3:19  Drone  
  36  3:20  Drone  
  36  3:26  Overlord x2, Hatchery  
  35  3:32  Zerg Missile Weapons Level 1  
  35  3:57  Lair  
  35  4:12  Drone x6  
  35  4:13  Drone, Roach Warren  
  41  4:29  Baneling Nest  
  41  4:35  Queen  
  41  4:37  Spore Crawler  
  42  4:40  Extractor  
  42  4:45  Extractor, Evolution Chamber  
  39  4:46  Spore Crawler  
  39  4:48  Queen  
  39  4:49  Drone x2  
  39  4:50  Drone x3  
  45  4:58  Hydralisk Den  
  44  5:04  Drone  
  44  5:05  Drone x5  
  47  5:18  Zergling x6  
  45  5:37  Hydralisk x2, Muscular Augments  
  45  5:42  Extractor  
  48  5:44  Drone x2  
  48  5:45  Overlord x2  
  48  5:46  Overlord  
  50  5:58  Overlord x2  
  50  6:09  Hydralisk  
  50  6:10  Hydralisk x4  
  50  6:11  Zergling x10  
  66  6:25  Drone x3  
  66  6:32  Drone x4  
  72  6:33  Drone x3  
  72  6:38  Centrifical Hooks  
  75  6:44  Baneling x2  
  75  6:48  Grooved Spines  
  75  7:03  Zerg Missile Weapons Level 2  
  75  7:04  Infestation Pit  
  74  7:08  Drone x2, Extractor  
  74  7:09  Drone x6  
  74  7:10  Extractor  
  80  7:22  Lurker Den  
  80  7:29  Drone x6  
  85  7:46  Hydralisk  
  85  7:47  Hydralisk  
  85  7:49  Overlord  
  85  7:50  Overlord x2  
  88  7:56  Baneling  
  88  7:57  Baneling x5  
  88  7:58  Hatchery  
  86  8:08  Hydralisk x3  
  86  8:09  Hydralisk x2  
  86  8:10  Zergling x4  
  98  8:15  Drone x3  
  98  8:16  Drone x2  
  102  8:30  Baneling  
  102  8:31  Baneling x2  
  102  8:35  Zergling x6  
  102  8:36  Zergling x10  
  63  9:16  Hydralisk  
  63  9:17  Hydralisk x5  
  74  9:44  Drone x6  
  74  9:45  Drone x3  
  83  9:46  Hatchery  
  83  9:50  Zerg Ground Armor Level 1  
  82  10:10  Lurker x7  
  82  10:13  Overlord x3  
  82  10:14  Overlord  
  89  10:17  Zergling x4  
  89  10:18  Zergling x6  
  94  10:26  Extractor  
  94  10:27  Drone x6  
  94  10:28  Extractor  
  98  10:34  Hydralisk x3  
  98  10:39  Extractor  
  97  10:48  Hydralisk x2  
  97  10:49  Zergling x2  
  103  10:50  Zergling x10  
  103  10:54  Lurker  
  103  10:55  Lurker x2  
  103  10:56  Baneling x4  
  103  10:57  Baneling x6  
  110  10:59  Hydralisk x2  
  110  11:00  Hydralisk x4  
  119  11:12  Queen  
  99  11:54  Drone, Hydralisk, Swarm Host  
  89  11:55  Hydralisk x5  
  89  11:56  Hydralisk, Zergling x4  
  89  11:57  Zergling x12  
  103  12:07  Spawning Pool  
  50  13:22  Drone  
  50  13:23  Drone x5, Spawning Pool  
  55  13:44  Spine Crawler  
  55  13:45  Spine Crawler  
  55  13:46  Spine Crawler  
  55  13:47  Spine Crawler  
  45  14:11  Hatchery  
  41  15:24  Queen  
  41  15:25  Drone  
  44  15:29  Spore Crawler  
  43  15:55  Drone  
  43  15:56  Drone x2  
  46  16:10  Pneumatized Carapace  
  47  16:11  Drone  
  47  16:36  Hatchery  
  46  16:50  Evolution Chamber  
  46  16:53  Drone x3  
  48  17:28  Lair  
  48  17:31  Drone x3  
  51  18:03  Hatchery  
  50  18:11  Drone x3  
  53  18:25  Overlord x3  
  53  19:05  Drone x6  
Show
View Real Time Build Order
Export as new Build Order

KeyMouseHYPE Terran - Winner!

Build Orders:  

Get SALT Encoding   

  12  0:01  SCV  
  13  0:13  SCV  
  14  0:17  Supply Depot  
  14  0:25  SCV  
  15  0:40  Barracks  
  15  0:46  SCV, Refinery  
  16  0:58  SCV  
  17  1:11  SCV  
  18  1:23  SCV  
  19  1:35  SCV, Command Center  
  20  1:49  Orbital Command  
  20  1:58  Factory  
  20  2:04  Supply Depot  
  20  2:33  Bunker, Barracks Reactor  
  20  2:35  SCV  
  21  2:39  Refinery  
  23  2:44  Hellion  
  23  2:47  SCV  
  23  2:48  Starport  
  24  2:51  SCV  
  25  2:59  SCV  
  26  3:14  Barracks  
  26  3:16  Barracks  
  26  3:25  SCV x2  
  28  3:31  Hellion x2  
  32  3:37  SCV x2  
  32  3:39  Viking  
  36  3:44  Supply Depot  
  36  3:49  SCV  
  37  3:57  Hellion  
  37  3:58  Hellion  
  37  4:01  Barracks Tech Lab  
  41  4:03  Barracks Reactor  
  41  4:06  Barracks Reactor  
  41  4:12  Orbital Command  
  41  4:22  Stimpack  
  41  4:25  Barracks Tech Lab  
  41  4:41  SCV x2  
  43  4:47  Marine  
  43  4:48  Marine x2  
  46  4:53  SCV  
  46  4:54  SCV  
  46  4:57  Starport Reactor  
  48  5:05  Marine x2  
  44  5:32  Marine x3  
  44  5:33  Marine x2  
  47  5:35  Siege Tank  
  50  5:44  SCV x2, Command Center  
  50  5:47  Refinery  
  50  5:48  Refinery  
  52  5:56  SCV x2  
  54  6:05  Marine x5  
  54  6:08  Siege Tank  
  62  6:14  Supply Depot  
  62  6:15  Supply Depot  
  62  6:16  Supply Depot  
  62  6:27  Marine, SCV x2  
  65  6:39  SCV x2  
  67  6:40  Siege Tank  
  67  6:47  Medivac x2  
  72  6:49  Marine x4  
  72  6:52  SCV x2  
  80  7:04  SCV  
  80  7:07  Marine x4, Supply Depot  
  85  7:16  Medivac  
  85  7:17  Barracks Tech Lab  
  87  7:24  Marine  
  87  7:25  Marine  
  87  7:27  Engineering Bay  
  89  7:55  SCV x3  
  92  8:05  Missile Turret  
  92  8:06  Missile Turret  
  92  8:07  SCV x3  
  92  8:09  Missile Turret  
  92  8:10  Missile Turret  
  95  8:15  Missile Turret  
  95  8:16  Missile Turret  
  95  8:17  Missile Turret  
  95  8:18  Marine  
  95  8:19  Marine x4, SCV  
  101  8:21  Medivac x2  
  105  8:30  Barracks  
  105  8:32  Barracks  
  105  8:35  Missile Turret  
  105  8:36  Marine x5  
  105  8:38  Missile Turret  
  110  8:51  Medivac x2  
  110  8:54  Marine x5  
  101  9:12  Marine x4  
  89  9:29  SCV x3  
  89  9:30  Marine  
  89  9:31  Marine x4  
  88  9:41  SCV x2, Siege Tank  
  88  9:44  Planetary Fortress  
  93  9:48  Marine  
  93  9:49  Marine x6  
  100  9:53  SCV x2  
  100  9:54  Combat Shield  
  102  10:05  SCV  
  102  10:06  SCV, Marine x2  
  102  10:07  Marine x5  
  105  10:08  Refinery  
  105  10:13  Refinery, Siege Tank  
  114  10:17  SCV  
  115  10:24  Marine x2  
  117  10:30  Barracks Reactor x2  
  117  10:50  Command Center  
  117  11:00  Factory  
  117  11:11  Marine x3, Siege Tank  
  117  11:13  Supply Depot  
  117  11:14  Supply Depot  
  117  11:16  Supply Depot  
  123  11:18  Supply Depot  
  123  11:29  Marine  
  124  11:39  Supply Depot  
  111  11:42  Supply Depot x2  
  111  11:45  Supply Depot  
  73  12:33  Planetary Fortress  
  63  12:39  Missile Turret  
  58  13:29  Siege Tank  
  58  13:31  Marine x2  
  62  13:49  Marine x2  
  64  14:01  Siege Tank  
  63  14:06  Marine  
  63  14:07  Marine  
  40  14:24  Marine  
  40  14:25  Marine  
  42  14:33  Siege Tank  
  42  14:35  Engineering Bay  
  32  14:52  Marine  
  33  14:53  Factory Reactor  
  33  14:54  Marine x2  
  33  14:56  Marine  
  33  14:57  Marine  
  37  15:05  Siege Tank  
  40  15:08  Command Center  
  40  15:11  Missile Turret  
  40  15:13  Missile Turret  
  43  15:14  Marine  
  43  15:15  Marine  
  41  15:32  Marine  
  41  15:33  Marine  
  42  15:37  Siege Tank  
  42  15:40  Cyclone x2  
  51  15:50  Marine x2  
  53  16:08  Marine x2  
  55  16:12  Cyclone  
  58  16:25  Marine  
  58  16:26  Marine  
  58  16:32  Orbital Command  
  60  16:43  Marine, Starport  
  60  16:44  Marine  
  62  17:01  Marine  
  62  17:02  Marine  
  64  17:19  Marine x2  
  66  17:37  Marine x2  
  68  17:52  Raven  
  70  18:16  Marine  
  70  18:17  Marine  
  72  18:27  Cyclone  
  75  18:34  Marine x2  
  75  18:35  Raven  
  71  19:18  Raven  
Tags
 
Composition
Lurkers
Matchup
TvZ
Spawn Locations
Cross Positions
Add a new tag
Caveats
  • Supply blocks, unpowered buildings, or Contaminate may cause inaccurate times.
  • Supply counts are checked every 10 seconds.